 Seeded DCSS version 0.29.1-15-g9cfb28693d (webtiles) character file.

Game seed: 6320845443627075161 (custom seed)

25 Psyclone the Firebug (level 2, -1/15 HPs)
             Began as a Deep Elf Fire Elementalist on Sept 23, 2023.
             Slain by an orc priest
             ... wielding a +0 trident
              (8 damage)
             ... on level 3 of the Dungeon.
             The game lasted 00:02:00 (1690 turns).

Psyclone the Firebug (Deep Elf Fire Elementalist)   Turns: 1690, Time: 00:02:01

Health: -1/15      AC:  3    Str:  5    XL:     2   Next: 86%
Magic:  11/17      EV: 12    Int: 19    God:
Gold:   79         SH:  0    Dex: 15    Spells: 4/7 levels left

rFire   . . .      SeeInvis .   c - +0 dagger
rCold   . . .      Faith    .   (no shield)
rNeg    . . .      Spirit   .   a - +0 robe
rPois   .          Reflect  .   l - +1 hat {Stlth+}
rElec   .          Harm     .   (no cloak)
rCorr   .          Rampage  .   (no gloves)
Will    .....                   (no boots)
Stlth   +++.......              (no amulet)
HPRegen 0.05/turn               n - ring of magical power
MPRegen 0.15/turn               (no ring)

@: very slightly contaminated
A: no striking features
a: no special abilities


You were on level 3 of the Dungeon.
You visited 1 branch of the dungeon, and saw 3 of its levels.

You collected 79 gold pieces.

Inventory:

Hand Weapons
 c - a +0 dagger (weapon)
Armour
 a - a +0 robe (worn)
 l - a +1 hat of stealth (worn)
Magical Staves
 g - a staff of air
Jewellery
 n - a ring of magical power (left hand)
Wands
 p - a wand of flame (13)
Scrolls
 d - 2 scrolls of teleportation {unknown}
 h - 2 scrolls of magic mapping {unknown}
 k - 2 scrolls of vulnerability {unknown}
 o - a scroll of identify {unknown}
 q - a scroll of acquirement {unknown}
Potions
 b - a potion of magic
 e - 2 potions of curing {unknown}
 f - a potion of haste {unknown}
 i - a potion of resistance {unknown}
 j - a potion of brilliance {unknown}
 m - a potion of flight {unknown}


   Skills:
 - Level 2.4 Dodging
 - Level 2.4 Stealth
 - Level 3.0 Spellcasting
 - Level 1.1 Conjurations
 + Level 4.5 Fire Magic


You had 4 spell levels left.
You knew the following spells:

 Your Spells              Type           Power      Damage    Failure   Level
a - Foxfire               Conj/Fire      52%        2x1d6     4%          1
b - Scorch                Fire           40%        2d7       3%          2

Your spell library contained the following spells:

 Spells                   Type           Power      Damage    Failure   Level
 Conjure Flame            Conj/Fire      13%        6-21      14%         3
 Freeze                   Ice            8%         1d3       16%         1
 Inner Flame              Hex/Fire       11%        N/A       19%         3
 Frozen Ramparts          Ice            4%         1d1       41%         3
 Flame Wave               Conj/Fire      13%        2d6       43%         4
 Hailstorm                Conj/Ice       4%         3d4       77%         4


Dungeon Overview and Level Annotations

Branches:
Dungeon (3/15) Zot: 16303

Altars:

Shops:
D:2 :


Message History

Confirm with . or Enter, or press ? or * to list all spells.
There is not enough space to conjure foxfire!
Casting: Foxfire (safe; 4% risk of failure)
Confirm with . or Enter, or press ? or * to list all spells.
There is not enough space to conjure foxfire!
The kobold shouts!
The orc shouts!
The orc priest shouts!
The foxfire hits the orc priest.
The orc priest is lightly wounded.
The foxfire hits the orc.
The orc is lightly wounded.
The foxfire hits the orc priest.
The orc priest is moderately wounded.
The foxfire hits the orc.
The orc is moderately wounded.
The orc priest closely misses you.
Casting: Foxfire (safe; 4% risk of failure)
Confirm with . or Enter, or press ? or * to list all spells.
You conjure some foxfire!
The foxfire hits the kobold.
You kill the kobold!
The orc priest hits you but does no damage.
You now have 14/17 mp.
Casting: Foxfire (safe; 4% risk of failure)
Confirm with . or Enter, or press ? or * to list all spells.
You conjure some foxfire!
The foxfire hits the orc.
The orc is severely wounded.
The orc misses you.
The orc priest hits you from afar with a +0 trident!
Ouch! That really hurt!
You take 8 damage, and have 7/15 hp.
MASSIVE DAMAGE!!
You now have 13/17 mp.
Casting: Foxfire (safe; 4% risk of failure)
Confirm with . or Enter, or press ? or * to list all spells.
You miscast Scorch.
You are very lightly contaminated with residual magic.
Nothing appears to happen.
The foxfire hits the orc.
The orc is almost dead.
The foxfire hits the orc.
You kill the orc!
The orc priest hits you from afar with a +0 trident!
Ouch! That really hurt!
You die...

#. ##. ..
##.#
####...##
...(..).#
#..)@#
##o#.# #
#.# #.###
#...#
#.#)#
#...#
##.## #.#


You could see an orc priest.

Vanquished Creatures
  An adder (D:2)
  2 dart slugs (D:2)
  2 orcs (D:3)
  A ball python (D:1)
  2 goblins
  A kobold (D:3)
  3 bats
  2 rats
14 creatures vanquished.

Vanquished Creatures (others)
  68 foxfires
68 creatures vanquished.

Grand Total: 82 creatures vanquished

Notes
Turn   | Place    | Note
-------+----------+-------------------------------------------
     0 | D:1      | Psyclone the Deep Elf Fire Elementalist began the quest for
                  | the Orb.
     0 | D:1      | Reached XP level 1. HP: 10/10 MP: 6/6
   703 | D:2      | Found Weil's Book Boutique.
   749 | D:2      | Found a faded altar of an unknown god.
   816 | D:2      | Reached XP level 2. HP: 15/15 MP: 2/8
   894 | D:2      | Reached skill level 4 in Fire Magic
  1463 | D:2      | Learned a level 2 spell: Scorch
  1690 | D:3      | Slain by an orc priest

Illustrated notes

Levels and vault maps discovered:
D:1:      dpeg_arrival_lava_temple_mockup, layout_basic
D:2:      layout_loops_ring, shapermc_ecumenical_altar_starsandcircs,
          serial_shops, nicolae_shop_window_shopping
D:3:      layout_loops_ring, pdpol_wu_jian_five_deadly_venoms, corexii_shack,
          uniq_crazy_yiuf_cottage

Skill      XL: |  1  2 |
---------------+-------+-----
Fire Magic     | 4 |  4.5
Dodging        | |  2.4
Stealth        | |  2.4
Spellcasting   | |  3.0
Conjurations   | |  1.1

Action                   || total
-------------------------++-------
 Cast: Foxfire           ||    40
Armor: Robe              ||     3
Dodge: Dodged            ||     9
